AoeStats
← Random

Arena

507850040Analyzed
4v4 RM · 13d ago on Sep 19, 2026· 42m 24s· 8 players
Game mode
Random Map
Map size
Large (8 player)
Population
200
Speed
Normal
Resources
Standard
Victory
Conquest
Starting age
Dark Age
Ending age
Imperial Age
RankedLock teamsTeams togetherTeam positionsShared explorationLock speedFull tech treeHidden civsTurbo modeCheats
Victory
Defeat
🇲🇽 Georgians · Mexico
1852
+7
🇲🇽 Lithuanians · Mexico
1811
+9
🇲🇽 Byzantines · Mexico
1796
+9
🇺🇸 Sicilians · United States
1541
+20
🇨🇱 Chinese · Chile
1756
-16
🇨🇦 Burmese · Canada
1678
-13
1576
-9
1525
-7
Fs.BlinkAoE
10:17 Feudal Age
9:51 Loom
12:29 Fletching
12:49 Horse Collar
17:51 Castle Age
18:48 Wheelbarrow
19:06 Forging
18:25 Man-at-Arms
19:20 Squires
21:31 Long Swordsman
22:25 Town Watch
24:02 Sanctity
25:14 Hand Cart
28:07 Gold Mining
28:08 Stone Mining
28:21 Heavy Plow
27:57 Pikeman
32:30 Imperial Age
29:50 Arson
30:09 Scale Mail Armor
31:15 Chain Mail Armor
31:34 Gambesons
32:00 Forging
33:27 Iron Casting
32:40 Two-Handed Swordsman
33:51 Plate Mail Armor
32:46 Capped Ram
34:29 Elite Skirmisher
34:46 Halberdier
37:02 Blast Furnace
36:18 Champion
[CL] The Fabulous Merasmus
10:53 Feudal Age
15:21 Castle Age
14:01 Double-Bit Axe
13:57 Horse Collar
14:24 Gold Mining
16:31 Loom
18:24 Bow Saw
23:26 Scale Mail Armor
24:31 Heavy Plow
25:22 Town Watch
30:42 Imperial Age
27:38 Man-at-Arms
28:31 Forging
29:04 Chain Mail Armor
28:25 Long Swordsman
29:08 Squires
29:51 Gambesons
29:52 Arson
30:59 Iron Casting
31:07 Two-Handed Swordsman
33:38 Plate Mail Armor
33:16 Capped Ram
35:03 Blast Furnace
35:23 Gold Shaft Mining
34:40 Stone Mining
35:15 Champion
37:30 Two-Man Saw
40:46 Conscription
40:28 Chieftains
41:43 Siege Ram
Darth Maul
0:28 Loom
10:30 Feudal Age
14:33 Castle Age
12:39 Double-Bit Axe
13:07 Horse Collar
15:40 Bow Saw
17:39 Wheelbarrow
17:12 Heavy Plow
20:15 Fervor
22:22 Stone Mining
23:04 Hand Cart
24:08 Gold Mining
27:45 Imperial Age
25:58 Stone Shaft Mining
25:10 Town Watch
25:49 Fletching
26:32 Bodkin Arrow
27:29 Padded Archer Armor
27:35 Thumb Ring
28:09 Masonry
27:53 Elite Fire Lancer
28:37 Scale Mail Armor
29:50 Chemistry
29:42 Bracer
30:08 Squires
30:25 Chain Mail Armor
30:20 Forging
31:53 Heavy Rocket Cart
34:30 Rocketry
34:35 Conscription
34:42 Elite Chu Ko Nu
35:50 Leather Archer Armor
38:51 Capped Ram
39:58 Siege Ram
42:40 Ring Archer Armor
42:41 Plate Mail Armor
42:46 Iron Casting
[CL] ßitokø × 1876
11:06 Feudal Age
11:39 Loom
14:57 Castle Age
13:01 Double-Bit Axe
12:57 Horse Collar
20:05 Wheelbarrow
24:21 Hand Cart
28:04 Imperial Age
26:12 Scale Barding Armor
26:17 Forging
27:19 Chain Barding Armor
27:42 Husbandry
27:53 Bloodlines
28:33 Iron Casting
28:13 Heavy Camel Rider
30:57 Plate Barding Armor
30:46 Conscription
32:34 Heavy Plow
32:45 Bow Saw
33:06 Gold Mining
33:06 Stone Mining
32:58 Imperial Camel Rider
35:46 Light Cavalry
36:37 Hussar
38:56 Blast Furnace
38:07 Elite Skirmisher
38:53 Thumb Ring
38:39 Fletching
39:11 Ballistics
39:55 Chemistry
40:59 Bodkin Arrow
41:20 Masonry
41:41 Bracer
Ux'LobodeLaNieve
11:19 Feudal Age
15:27 Castle Age
13:14 Double-Bit Axe
13:13 Horse Collar
16:27 Bow Saw
21:55 Wheelbarrow
22:59 Hand Cart
25:18 Fletching
25:19 Stone Mining
25:20 Gold Mining
25:33 Heavy Plow
28:13 Imperial Age
25:29 Loom
26:16 Bodkin Arrow
26:22 Padded Archer Armor
26:46 Crossbowman
28:20 Ballistics
29:14 Conscription
29:01 Bracer
30:02 Chemistry
29:12 Thumb Ring
28:56 Arbalester
31:12 Leather Archer Armor
35:09 Coinage
35:18 Scale Barding Armor
35:24 Forging
35:45 Ring Archer Armor
36:00 Pikeman
36:41 Squires
36:26 Arson
36:42 Scale Mail Armor
37:52 Iron Casting
36:41 Halberdier
41:56 Chain Mail Armor
42:01 Chain Barding Armor
42:32 Stone Shaft Mining
42:33 Gold Shaft Mining
41:40 Treadmill Crane
43:01 Two-Man Saw
42:33 Crop Rotation
VL Mibel
10:24 Feudal Age
14:00 Castle Age
12:12 Double-Bit Axe
12:14 Horse Collar
15:27 Bow Saw
18:10 Loom
22:01 Wheelbarrow
23:08 Heavy Plow
24:53 Hand Cart
24:24 Town Watch
28:39 Imperial Age
26:48 Gold Mining
27:41 Padded Archer Armor
29:03 Leather Archer Armor
30:37 Chemistry
30:40 Two-Man Saw
30:11 Crop Rotation
31:18 Masonry
31:30 Ballistics
31:41 Ring Archer Armor
30:52 Elite Skirmisher
33:24 Fletching
34:52 Bodkin Arrow
35:50 Bracer
38:50 Tower Shields
39:13 Conscription
40:45 Architecture
40:27 Fortified Wall
39:58 Treadmill Crane
niino
5:43 Loom
8:26 Feudal Age
8:58 Double-Bit Axe
12:29 Fletching
21:22 Castle Age
19:08 Horse Collar
22:46 Bow Saw
23:18 Scale Barding Armor
28:14 Wheelbarrow
32:45 Imperial Age
30:29 Stone Mining
30:30 Gold Mining
32:25 Chain Barding Armor
33:07 Forging
33:00 Husbandry
33:15 Bloodlines
33:57 Hand Cart
34:17 Conscription
34:55 Plate Barding Armor
36:23 Elite Monaspa
37:54 Iron Casting
Random
10:22 Feudal Age
14:49 Castle Age
12:41 Double-Bit Axe
12:37 Horse Collar
15:42 Bow Saw
15:33 Heavy Plow
21:52 Wheelbarrow
21:05 Town Watch
24:21 Loom
25:31 Scale Mail Armor
25:42 Forging
28:24 Imperial Age
26:57 Chain Mail Armor
26:48 Squires
28:05 Iron Casting
27:59 Masonry
27:46 Murder Holes
27:43 Gold Mining
28:32 Capped Ram
30:30 Plate Mail Armor
31:00 Blast Furnace
30:24 Conscription
32:13 First Crusade
33:25 Scale Barding Armor
33:57 Gold Shaft Mining
33:58 Hand Cart
33:46 Town Patrol
33:21 Cavalier
34:02 Husbandry
34:12 Bloodlines
36:18 Chain Barding Armor
37:46 Plate Barding Armor
37:54 Light Cavalry
38:02 Siege Ram
38:44 Elite Serjeant
40:12 Fletching
40:45 Ballistics
41:25 Chemistry
Connection lost

Rejoining the realm…

Still unreachable

The connection could not be restored.

Session expired

The server has moved on; the page needs a fresh start.